 Dungeon Crawl Stone Soup version 0.31-a0-596-g831eee08f1 (webtiles) character file.

Game seed: 11864677124437831540

60 cforsyth the Charlatan (level 4, 0/34 HPs)
             Began as a Gnoll Artificer on Aug 20, 2023.
             Slain by a hobgoblin (5 damage)
             ... led by Robin
             ... on level 2 of the Dungeon.
             The game lasted 00:01:44 (1209 turns).

cforsyth the Charlatan (Gnoll Artificer)            Turns: 1209, Time: 00:01:45

Health: 0/34       AC:  7    Str: 12    XL:     4   Next: 6%
Magic:  5/5        EV: 10    Int: 12    God:
Gold:   118        SH:  9    Dex: 12    Spells: 5/5 levels left

rFire   . . .        n - +2 dagger (venom)
rCold   . . .        g - +2 kite shield
rNeg    . . .        h - +0 steam dragon scales
rPois   .            (no helmet)
rElec   .            i - +0 cloak
rCorr   .            (no gloves)
SInv    .            (no boots)
Will    .....        l - amulet of the acrobat
Stlth   ++           (no ring)
HPRegen 0.25/turn    (no ring)
MPRegen 0.09/turn

%: acrobat
@: about to teleport
A: fangs 1, strong nose, distributed training
a: no special abilities


You were on level 2 of the Dungeon.
You visited 1 branch of the dungeon, and saw 2 of its levels.

You collected 118 gold pieces.

Inventory:

Hand Weapons
 a - a +0 club
 n - a +2 dagger of venom (weapon)
Missiles
 m - 3 silver javelins
Armour
 b - a +0 leather armour
 g - a +2 kite shield (worn)
 h - +0 steam dragon scales (worn)
 i - a +0 cloak (worn)
Jewellery
 f - a ring of resist corrosion
 l - an amulet of the acrobat (around neck)
Wands
 c - a wand of flame (14) (quivered)
 d - a wand of charming (15)
 e - a wand of iceblast (5)
Potions
 k - a potion of ambrosia {unknown}
 q - a potion of haste


   Skills:
 + Level 2.7 Fighting
 + Level 1.0 Short Blades
 + Level 1.0 Long Blades
 + Level 1.0 Axes
 + Level 1.0 Maces & Flails
 + Level 1.0 Polearms
 + Level 1.0 Staves
 + Level 1.0 Ranged Weapons
 + Level 1.0 Throwing
 + Level 4.6 Armour
 + Level 2.7 Dodging
 + Level 2.5 Stealth
 + Level 1.0 Shields
 + Level 1.0 Unarmed Combat
 + Level 1.0 Spellcasting
 + Level 0.8 Conjurations
 + Level 0.8 Hexes
 + Level 0.8 Summonings
 + Level 0.8 Necromancy
 + Level 0.8 Translocations
 + Level 0.8 Transmutations
 + Level 0.8 Fire Magic
 + Level 0.8 Ice Magic
 + Level 0.8 Air Magic
 + Level 0.8 Earth Magic
 + Level 0.8 Poison Magic
 + Level 1.1 Invocations
 + Level 6.6 Evocations
 + Level 0.8 Shapeshifting


You had 5 spell levels left.
You didn't know any spells.
Your spell library was empty.

Dungeon Overview and Level Annotations

Branches:
Dungeon (2/15)

Altars:

Annotations:
D:2 Robin


Innate Abilities, Weirdness & Mutations

You have very sharp teeth.
Your uncanny sense of smell can sniff out nearby items.
Your experience applies equally to all skills.


Message History

You closely miss the goblin.
The goblin is moderately wounded.
You block the hobgoblin's attack. x2; The goblin hits you but does no damage.
You hit the goblin.
You kill the goblin!
You block the hobgoblin's attack. The hobgoblin hits you.
You hit the goblin.
The goblin is poisoned.
You bite the goblin.
You kill the goblin!
You block the hobgoblin's attack. The hobgoblin hits you.
You barely miss the goblin. You block the hobgoblin's attack.
The hobgoblin misses you. You block the goblin's attack.
You closely miss the goblin. The hobgoblin hits you. The hobgoblin misses you.
The goblin hits you with a +0 club.
You closely miss the goblin. The hobgoblin hits you.
The hobgoblin barely misses you. The goblin closely misses you.
You block the hobgoblin's attack. The hobgoblin hits you.
The goblin hits you with a +0 club.
* * * LOW HITPOINT WARNING * * *
You completely miss the goblin. You block the hobgoblin's attack. x2
You block the goblin's attack.
As you read the scroll labelled YDOURH RITWO, it crumbles to dust.
Wisps of shadow whirl around you...
It was a scroll of summoning.
The hobgoblin closely misses you. The hobgoblin barely misses you.
You block the goblin's attack.
The goblin hits your goblin with a +0 dagger.
Your goblin dies!
Your goblin's corpse dissolves into shadows!
As you read the scroll labelled DERUAGOOMA, it crumbles to dust.
You feel strangely unstable.
It was a scroll of teleportation.
The goblin no longer looks unusually strong.
Your bat hits the goblin but does no damage.
The hobgoblin closely misses you. You block the hobgoblin's attack.
The goblin closely misses you.
As you read the scroll labelled HUUROO SENTOD, it crumbles to dust.
It is a scroll of identify.
q - a potion of haste You block the hobgoblin's attack.
The goblin hits you with a +0 club.
* * * LOW HITPOINT WARNING * * *
The hobgoblin hits you.
You die...

.............
..................
..................
>..............#.## #
...........##..... .#
........######..b. #..#
.........# #.. .g# ....#
.........###.# #g#gg....
....†.....>..###@ggB....
.....†........gg###.....
...........#.##.....g...
..............#####.....
..............# ..
............^.#
..............#
...#..........#
#########.....#


You could see Robin, a giant cockroach, 3 hobgoblins, 4 goblins and a friendly
bat (summoned).

Vanquished Creatures
  3 dart slugs
  5 bats
  2 endoplasms
  8 goblins
  5 hobgoblins
  10 jackals (D:1)
  4 kobolds
  A quokka (D:1)
  2 ball pythons (D:2)
  4 rats
44 creatures vanquished.

Notes
Turn   | Place    | Note
-------+----------+-------------------------------------------
     0 | D:1      | cforsyth the Gnoll Artificer began the quest for the Orb.
     0 | D:1      | Reached XP level 1. HP: 17/17 MP: 1/1
    64 | D:1      | Reached XP level 2. HP: 7/23 MP: 2/2
   381 | D:1      | Reached XP level 3. HP: 23/28 MP: 3/3
   775 | D:1      | Reached skill level 1 in Invocations
  1148 | D:2      | Reached skill level 1 in Short Blades
  1148 | D:2      | Reached skill level 1 in Long Blades
  1148 | D:2      | Reached skill level 1 in Axes
  1148 | D:2      | Reached skill level 1 in Maces & Flails
  1148 | D:2      | Reached skill level 1 in Polearms
  1148 | D:2      | Reached skill level 1 in Staves
  1148 | D:2      | Reached skill level 1 in Ranged Weapons
  1148 | D:2      | Reached skill level 1 in Throwing
  1148 | D:2      | Reached skill level 1 in Shields
  1148 | D:2      | Reached skill level 1 in Unarmed Combat
  1148 | D:2      | Reached skill level 1 in Spellcasting
  1192 | D:2      | Noticed Robin
  1198 | D:2      | Reached XP level 4. HP: 32/34 MP: 5/5
  1209 | D:2      | Slain by a hobgoblin

Illustrated notes

Levels and vault maps discovered:
D:1:      wander_arrival_desolate, layout_basic
D:2:      layout_rooms, minivault_27, uniq_robin

Skill      XL: |  1  2  3 |
---------------+----------+-----
Invocations    | 1 |  1.1
Short Blades   | 1 |  1.0
Long Blades    | 1 |  1.0
Axes           | 1 |  1.0
Maces & Flails | 1 |  1.0
Polearms       | 1 |  1.0
Staves         | 1 |  1.0
Ranged Weapons | 1 |  1.0
Throwing       | 1 |  1.0
Shields        | 1 |  1.0
Unarmed Combat | 1 |  1.0
Spellcasting   | 1 |  1.0
Fighting       | |  2.7
Armour         | |  4.6
Dodging        | |  2.7
Stealth        | |  2.5
Conjurations   | |  0.8
Hexes          | |  0.8
Summonings     | |  0.8
Necromancy     | |  0.8
Translocations | |  0.8
Transmutations | |  0.8
Fire Magic     | |  0.8
Ice Magic      | |  0.8
Air Magic      | |  0.8
Earth Magic    | |  0.8
Poison Magic   | |  0.8
Evocations     | |  6.6
Shapeshifting  | |  0.8

Action                     |  1- 3 |  4- 6 || total
---------------------------+-------+-------++-------
  Melee: Club              |   148 |       ||   148
         Bite              |    15 |     1 ||    16
         Dagger            |    38 |     9 ||    47
  Evoke: Wand              |     1 |       ||     1
    Use: Scroll            |       |     3 ||     3
   Stab: Sleeping          |     2 |       ||     2
 Armour: Leather armour    |    11 |       ||    11
         Steam dragon scal |    62 |     3 ||    65
  Dodge: Dodged            |   122 |    12 ||   134
  Block: Kite shield       |   110 |    15 ||   125

Table legend: (Time is in decaauts)
 A = Elapsed time spent in this place.
 B = Non-inter-level travel time spent in this place.
 C = Inter-level travel time spent in this place.
 D = Time resting spent in this place.
 E = Time spent auto-exploring this place.
 F = Levels seen in this place.
 G = Mean time per level.
                   A        B        C        D        E       F      G
               +--------+--------+--------+--------+--------+-----+--------+
         Total |   1286 |   1250 |     36 |      0 |    804 |   2 |  643.0 |
       Dungeon |   1286 |   1250 |     36 |      0 |    804 |   2 |  643.0 |
               +--------+--------+--------+--------+--------+-----+--------+

Top non-repeatable levels by time:
     D:1: 1158 daAuts
     D:2: 127 daAuts
